 Dungeon Crawl Stone Soup version 0.21.1-1-g345015f (webtiles) character file.

54 gerrrit the Charlatan (level 3, 0/18 HPs)
             Began as a Spriggan Artificer on Apr 3, 2018.
             Succumbed to an adder's poison
             ... on level 2 of the Dungeon.
             The game lasted 00:07:55 (1576 turns).

gerrrit the Charlatan (Spriggan Artificer)          Turns: 1576, Time: 00:07:55

Health: 0/18       AC:  2    Str:  8    XL:     3   Next: 66%
Magic:  7/7        EV: 19    Int: 12    God:
Gold:   49         SH:  0    Dex: 17    Spells: 2/2 levels left

rFire    . . .     SeeInvis +   a - +0 short sword
rCold    . . .     Gourm    .   (shield restricted)
rNeg     . . .     Faith    .   b - +0 robe
rPois    .         Spirit   .   (helmet restricted)
rElec    .         Reflect  .   (no cloak)
rCorr    .         Harm     .   (gloves unavailable)
MR       .....                  (boots unavailable)
Stlth    ++........             (no amulet)
HPRegen  0.06/turn              (no ring)
MPRegen  0.10/turn              (no ring)

@: lethally poisoned (0 -> -9), very quick
A: very small, unfitting armour, see invisible, herbivore, speed 3, slow
metabolism 2
a: no special abilities


You were on level 2 of the Dungeon.
You were not hungry.

You visited 1 branch of the dungeon, and saw 2 of its levels.

You collected 49 gold pieces.

Inventory:

Hand Weapons
 a - a +0 short sword (weapon)
Missiles
 j - 2 needles of sleeping
 l - 10 arrows
 m - 18 bolts
 n - 32 poisoned needles
Armour
 b - a +0 robe (worn)
 g - a +0 pair of gloves
Wands
 c - a wand of flame (9)
 d - a wand of enslavement (15)
 e - a wand of random effects (14)
Scrolls
 o - a scroll of enchant weapon {unknown}
 p - a scroll of teleportation
Potions
 h - a potion of berserk rage {unknown}
 i - a potion of heal wounds {unknown}
 k - a potion of might
 q - 2 potions of invisibility {unknown}
 r - a potion of agility {unknown}
Comestibles
 f - a ration


   Skills:
 + Level 1.0 Fighting
 + Level 2.0 Short Blades
 + Level 3.8 Dodging
 + Level 2.2 Stealth
 + Level 5.0 Evocations


You had 2 spell levels left.
You didn't know any spells.

Dungeon Overview and Level Annotations

Branches:
Dungeon (2/15)

Altars:


Innate Abilities, Weirdness & Mutations

You are very small and have problems with some larger weapons.
You are too small for most types of armour.
You have supernaturally acute eyesight. (SInv)
You are a herbivore.
You cover ground extremely quickly.
You need consume almost no food.


Message History

You are lethally poisoned!
The adder poisons you!
You miss the adder.
The adder is moderately wounded.
You feel sick. The adder barely misses you.
You barely miss the adder.
The adder is moderately wounded.
You feel sick. The adder closely misses you. The adder bites you.
* * * LOW HITPOINT WARNING * * *
You barely miss the adder.
The adder is moderately wounded.
* * * LOW HITPOINT WARNING * * *
You feel sick. The adder closely misses you.
You hit the adder.
The adder is severely wounded.
The adder barely misses you.
You hit the adder.
You kill the adder!
Your Short Blades skill increases to level 2!
You die...

#. #. #.# #.###
#.##.# #.# #...#
#..... #.#####.##
#..... #.#....<..
#..... #.#.######
#..... #.#.#
#.....########.#.#
##..............#.#
#......@........#.#
#......†#######.#.#
#...?...# #.#.#
#.......# #.#.#
#.......# #.#.#
#......)# #.#.#
#.......# #.#.#
#.......# #.#.#
#.#.#


There were no monsters in sight!

Vanquished Creatures
  2 adders (D:2)
  A worm (D:2)
  A dart slug (D:1)
  3 leopard geckos (D:1)
  A giant cockroach (D:1)
  5 goblins (D:1)
  2 hobgoblins (D:1)
  6 bats
  2 frilled lizards (D:1)
  4 kobolds (D:1)
  3 rats (D:1)
30 creatures vanquished.

Notes
Turn   | Place    | Note
-------+----------+-------------------------------------------
     0 | D:1      | gerrrit the Spriggan Artificer began the quest for the Orb.
     0 | D:1      | Reached XP level 1. HP: 9/9 MP: 4/4
   199 | D:1      | Reached XP level 2. HP: 14/14 MP: 6/6
   846 | D:1      | Reached XP level 3. HP: 14/17 MP: 7/7
  1264 | D:2      | Reached skill level 5 in Evocations
  1464 | D:2      | Reached skill level 1 in Fighting
  1576 | D:2      | Succumbed to an adder's poison

Skill      XL: |  1  2  3 |
---------------+----------+-----
Stealth        | 2 |  2.2
Evocations     | 5 |  5.0
Fighting       | 1 |  1.0
Short Blades   | 2 |  2.0
Dodging        | |  3.8

Action                   || total
-------------------------++-------
Melee: Short sword       ||   119
Evoke: Wand              ||     7
  Use: Scroll            ||     5
       Potion            ||     1
 Stab: Sleeping          ||     2
Armor: Robe              ||     8
Dodge: Dodged            ||    93
